 Dungeon Crawl Stone Soup version 0.28.0-43-g3370ac3207 (webtiles) character file.

Game seed: 1662917375054417876

200 GreyFruit the Chopper (level 5, -1/47 HPs)
             Began as a Hill Orc Monk on Mar 14, 2022.
             Was a Believer of Beogh.
             Slain by an ogre
             ... wielding a +0 giant club
              (18 damage)
             ... on level 4 of the Dungeon.
             The game lasted 00:03:29 (3244 turns).

GreyFruit the Chopper (Hill Orc Monk)               Turns: 3244, Time: 00:03:30

Health: -1/47      AC:  7    Str: 16    XL:     5   Next: 79%
Magic:  5/5        EV: 13    Int: 10    God:    Beogh [**....]
Gold:   106        SH:  0    Dex: 19    Spells: 4/4 levels left

rFire   . . .      SeeInvis .   d - +1 hand axe (elec)
rCold   . . .      Faith    .   (no shield)
rNeg    . . .      Spirit   .   b - +0 robe
rPois   .          Reflect  .   m - +0 helmet
rElec   .          Harm     .   u - +0 cloak
rCorr   .          Rampage  .   (no gloves)
Will    +....                   o - +2 pair of boots
Stlth   +++.......              (no amulet)
HPRegen 0.15/turn               i - ring of willpower
MPRegen 0.09/turn               j - +6 ring of dexterity

@: no status effects
A: no striking features
a: Renounce Religion, Smiting


You were on level 4 of the Dungeon.
You worshipped Beogh.
Beogh was pleased with you.
You visited 1 branch of the dungeon, and saw 5 of its levels.

You collected 106 gold pieces.

Inventory:

Hand Weapons
 a - a +0 hand axe
 d - a +1 hand axe of electrocution (weapon)
Armour
 b - a +0 robe (worn)
 m - a +0 helmet (worn)
 o - a +2 pair of boots (worn)
 u - a +0 cloak (worn)
Jewellery
 i - a ring of willpower (left hand)
 j - a +6 ring of dexterity (right hand)
Wands
 v - a wand of flame (7)
Scrolls
 c - a scroll of noise {unknown}
 e - 4 scrolls of identify {unknown}
 f - a scroll of vulnerability {unknown}
 k - a scroll of fear {unknown}
 l - 2 scrolls of teleportation {unknown}
 p - a scroll of enchant weapon {unknown}
 t - a scroll of magic mapping {unknown}
Potions
 g - 2 potions of ambrosia {unknown}
 h - 2 potions of heal wounds {unknown}
 n - a potion of magic {unknown}
 q - a potion of curing {unknown}
 r - a potion of resistance {unknown}
 s - 3 potions of flight {unknown}


   Skills:
 + Level 4.9 Fighting
 + Level 5.3 Axes
 + Level 3.3 Dodging
 + Level 2.9 Stealth


You had 4 spell levels left.
You didn't know any spells.
Your spell library was empty.

Dungeon Overview and Level Annotations

Branches:
Dungeon (5/15)
 Temple: D:4-7

Altars:

Shops:
D:3 [


Message History

A jelly comes into view.
A jelly is nearby!
A jelly is nearby!
You hit the jelly.
Your hands burn!
The jelly is lightly wounded.
The jelly barely misses you.
You hit the jelly. Lightning courses through the jelly!
You kill the jelly!
Beogh accepts your kill.
No target in view!
Things that are here:
a +0 mace; a +0 leather armour
v - a wand of flame (7)
Found a club.
You now have 106 gold pieces (gained 11).
An ogre comes into view. It is wielding a +0 giant club.
The ogre shouts!
The ogre moves out of view.
A goblin comes into view. It is wielding a +0 club.
A goblin is nearby!
A goblin is nearby!
Found 20 arrows.
The ogre closely misses you.
You hit the ogre.
The ogre is lightly wounded.
You hit the ogre.
The ogre is heavily wounded.
The ogre closely misses you.
You barely miss the ogre.
The ogre is heavily wounded.
The ogre hits you with a +0 giant club!!
You slash the ogre!
The ogre is severely wounded.
You hit the goblin. The goblin hits you but does no damage.
The ogre hits you with a +0 giant club!
You are too injured to fight recklessly!
You hit the ogre.
The ogre is almost dead.
You barely miss the goblin. The goblin hits you but does no damage.
The ogre hits you with a +0 giant club!!
You die...

......#.....###.....#
......#.....##......#
.............†....###
.....o...#........#
......#........####
...o......###...#
..........# ###.##
..........# #..#
..........# ##@#
......#..###(..gO#
........## #.....#
.....#..# #.....#
.....#...........#
..................
####..####........
#... #........ #
#..##


You could see an ogre and a goblin.

Vanquished Creatures
  A jelly (D:4)
  A hound (D:5)
  Crazy Yiuf (D:4)
  5 adders
  A dart slug (D:4)
  2 orcs (D:4)
  6 bats
  7 endoplasms
  3 giant cockroaches
  5 hobgoblins
  3 jackals (D:3)
  3 quokkas
  3 ball pythons (D:1)
  2 frilled lizards (D:3)
  10 goblins
  4 kobolds
  A rat (D:2)
58 creatures vanquished.

Vanquished Creatures (others)
  6 fungi (D:3)
  12 plants (D:3)
18 creatures vanquished.

Grand Total: 76 creatures vanquished

Notes
Turn   | Place    | Note
-------+----------+-------------------------------------------
     0 | D:1      | GreyFruit the Hill Orc Monk began the quest for the Orb.
     0 | D:1      | Reached XP level 1. HP: 19/19 MP: 1/1
   450 | D:1      | Reached XP level 2. HP: 25/27 MP: 2/2
   798 | D:2      | Reached XP level 3. HP: 13/33 MP: 3/3
  1875 | D:3      | You fall into a shaft and drop 2 floors!
  1875 | D:5      | Entered Level 5 of the Dungeon
  1898 | D:5      | Reached XP level 4. HP: 41/41 MP: 4/4
  2142 | D:3      | Found Xutus's Armour Shoppe.
  2376 | D:3      | Found a faded altar of an unknown god.
  2390 | D:3      | Reached skill level 5 in Axes
  2603 | D:4      | Reached XP level 5. HP: 32/47 MP: 5/5
  2797 | D:4      | Found a runed translucent door.
  2798 | D:4      | Noticed Crazy Yiuf
  2805 | D:4      | Killed Crazy Yiuf
  3038 | D:4      | Became a worshipper of Beogh the Brigand
  3038 | D:4      | Reached * piety under Beogh
  3038 | D:4      | Reached ** piety under Beogh
  3236 | D:4      | Noticed an ogre
  3244 | D:4      | Slain by an ogre

Illustrated notes

Levels and vault maps discovered:
D:1:      roderic_octagonal_star, layout_rooms, minmay_tromino_i2
D:2:      layout_loops_cross, minmay_stone_trees_small, roderic_three_in_a_row
D:3:      layout_rooms, shapermc_ecumenical_altar_mp_urbaneastern, serial_shops,
          nicolae_shop_stone
D:4:      layout_rooms, chequers_jeans, uniq_crazy_yiuf_cottage
D:5:      layout_gridville, minmay_temple_entry_trees, uniq_duvessa

Skill      XL: |  1  2  3  4 |
---------------+-------------+-----
Fighting       | 4 |  4.9
Stealth        | 2 |  2.9
Dodging        | 3 |  3.3
Axes           | 5 |  5.3

Action                   |  1- 3 |  4- 6 || total
-------------------------+-------+-------++-------
Melee: Hand axe          |    73 |    94 ||   167
Invok: Convert to Beogh  |       |     1 ||     1
 Stab: Sleeping          |     5 |     4 ||     9
       Distracted        |       |     1 ||     1
Armor: Robe              |     9 |    19 ||    28
Dodge: Dodged            |    38 |    64 ||   102
